 Dungeon Crawl Stone Soup version 0.31-a0-986-g5e6e4ef867 (webtiles) character file.

Game seed: 16014618528739009

37 Dittersdorf the Covered (level 3, -3/24 HPs)
             Began as a Gargoyle Fighter on Nov 3, 2023.
             Slain by an orc priest
             ... wielding a +0 hand axe
              (6 damage)
             ... on level 3 of the Dungeon.
             The game lasted 00:01:21 (1157 turns).

Dittersdorf the Covered (Gargoyle Fighter)          Turns: 1157, Time: 00:01:22

Health: -3/24      AC: 11    Str: 21    XL:     3   Next: 41%
Magic:  3/3        EV:  9    Int:  8    God:
Gold:   114        SH:  4    Dex:  9    Spells: 2/2 levels left

rFire   . . .        a - +0 flail
rCold   + . .        c - +0 buckler
rNeg    + . .        b - +0 scale mail
rPois   ∞            g - +0 helmet
rElec   +            (no cloak)
rCorr   .            (no gloves)
SInv    .            (no boots)
Will    .....        (no amulet) Stlth
                     i - ring of protection from cold
HPRegen 0.24/turn    (no ring)
MPRegen 0.08/turn

%: no passive effects
@: no status effects
A: sickness immunity, AC +3, negative energy resistance 1, electricity
resistance, torment resistance 1, petrification resistance
a: no special abilities


You were on level 3 of the Dungeon.
You visited 1 branch of the dungeon, and saw 3 of its levels.

You collected 114 gold pieces.

Inventory:

Hand Weapons
 a - a +0 flail (weapon)
Armour
 b - a +0 scale mail (worn)
 c - a +0 buckler (worn)
 g - a +0 helmet (worn)
Jewellery
 i - a ring of protection from cold (left hand)
Scrolls
 j - 2 scrolls of identify {unknown}
 k - 2 scrolls of fear {unknown}
 l - a scroll of vulnerability {unknown}
 m - a scroll of fog {unknown}
Potions
 d - 2 potions of might
 e - a potion of brilliance {unknown}
 f - 2 potions of haste {unknown}
 h - 2 potions of heal wounds {unknown}


   Skills:
 + Level 3.7 Fighting
 + Level 2.5 Maces & Flails
 + Level 3.7 Armour
 + Level 3.7 Shields


You had 2 spell levels left.
You didn't know any spells.
Your spell library was empty.

Dungeon Overview and Level Annotations

Branches:
Dungeon (3/15)

Altars:


Innate Abilities, Weirdness & Mutations

You are immune to sickness and miasma.
Your stone body is resilient. (AC +3)
You are immune to poison.
You resist negative energy. (rN+)
You are resistant to electric shocks. (rElec)
You are resistant to unholy torment.
You are immune to petrification.


Message History

You are too injured to fight recklessly!
You are too injured to fight recklessly!
You are too injured to fight recklessly!
You are too injured to fight recklessly!
You are too injured to fight recklessly!
You are too injured to fight recklessly!
You are too injured to fight recklessly!
You are too injured to fight recklessly!
You are too injured to fight recklessly!
You are too injured to fight recklessly!
You are too injured to fight recklessly!
You are too injured to fight recklessly!
You are too injured to fight recklessly!
You are too injured to fight recklessly!
You are too injured to fight recklessly!
You are too injured to fight recklessly!
You are too injured to fight recklessly!
You hit the orc priest but do no damage.
The orc priest is moderately wounded.
The orc priest calls down the wrath of Beogh upon you.
Beogh smites you!
* * * LOW HITPOINT WARNING * * *
A goblin comes into view. It is wielding a +0 club.
You hit the orc priest.
The orc priest is heavily wounded.
The orc priest closely misses you.
You closely miss the orc priest.
The orc priest is heavily wounded.
An orc comes into view. It is wielding a +0 club.
The orc priest closely misses you.
You hit the orc.
The orc is moderately wounded.
The orc priest hits you but does no damage.
You hit the orc.
You kill the orc!
The orc priest closely misses you.
You hit the orc priest.
The orc priest is almost dead.
The orc priest hits you with a +0 hand axe.
You die...

##......## ##......##
##......## #......###
#'#......###
#.###......###
#...###......###
##..).###......#+#
#..#....###.....@#
#.##.##...###...ooo#
#.#..#..#...###..#og.#
#############
####'#...# . .## .. #
.. ..#


You could see an orc priest, 3 orcs and a goblin.

Vanquished Creatures
  An orc (D:3)
  5 bats
  3 endoplasms
  3 giant cockroaches (D:1)
  6 goblins
  A hobgoblin (D:1)
  A quokka (D:1)
  5 ball pythons
  A frilled lizard (D:3)
  A kobold (D:1)
  6 rats
33 creatures vanquished.

Notes
Turn   | Place    | Note
-------+----------+-------------------------------------------
     0 | D:1      | Dittersdorf the Gargoyle Fighter began the quest for the
                  | Orb.
     0 | D:1      | Reached XP level 1. HP: 14/14 MP: 1/1
   111 | D:1      | Reached XP level 2. HP: 17/19 MP: 2/2
   619 | D:2      | Reached XP level 3. HP: 22/23 MP: 3/3
  1157 | D:3      | Slain by an orc priest

Illustrated notes

Levels and vault maps discovered:
D:1:      scummos_arrival_star, layout_rooms, corexii_leaking_fountain,
          minmay_misc_feat_pillars, hangedman_decor_growths
D:2:      layout_rooms
D:3:      minmay_razor_zed, layout_basic, minivault_25

Action                     || total
---------------------------++-------
  Melee: Flail             ||   107
 Armour: Scale mail        ||   109
  Dodge: Dodged            ||    75
  Block: Buckler           ||    29

Table legend: (Time is in decaauts)
 A = Elapsed time spent in this place.
 B = Non-inter-level travel time spent in this place.
 C = Inter-level travel time spent in this place.
 D = Time resting spent in this place.
 E = Time spent auto-exploring this place.
 F = Levels seen in this place.
 G = Mean time per level.
                   A        B        C        D        E       F      G
               +--------+--------+--------+--------+--------+-----+--------+
         Total |   1190 |   1144 |     46 |     70 |    799 |   3 |  396.7 |
       Dungeon |   1190 |   1144 |     46 |     70 |    799 |   3 |  396.7 |
               +--------+--------+--------+--------+--------+-----+--------+

Top non-repeatable levels by time:
     D:1: 619 daAuts
     D:2: 361 daAuts
     D:3: 209 daAuts
